 Dungeon Crawl Stone Soup version 0.30-a0-1161-g0704695555 (webtiles) character file.

Game seed: 12113250059898512571

659 bibi the Cudgeller (level 7, -5/57 HPs)
             Began as a Minotaur Fighter on Apr 28, 2023.
             Slain by Duvessa
             ... wielding a +0 rapier
              (12 damage)
             ... on level 4 of the Dungeon.
             The game lasted 00:17:19 (3835 turns).

bibi the Cudgeller (Minotaur Fighter)               Turns: 3835, Time: 00:17:20

Health: -5/57      AC:  9    Str: 23    XL:     7   Next: 30%
Magic:  6/6        EV: 10    Int:  7    God:
Gold:   141        SH:  4    Dex:  9    Spells: 6/6 levels left

rFire   + . .        p - +5 mace "Dragonbane" {flame, rPois Int+2}
rCold   . . .        c - +0 buckler
rNeg    . . .        b - +0 scale mail
rPois   +            (helmet restricted)
rElec   .            w - +0 cloak "Vytt" {-Cast Harm Will+}
rCorr   +            s - +0 pair of gloves
SInv    .            (no boots)
Will    +....        (no amulet) Stlth
                     e - ring of protection from fire
HPRegen 0.29/turn    k - ring of resist corrosion
MPRegen 0.10/turn

%: no spellcasting, harm (+30% outgoing, +20% incoming)
@: about to teleport
A: horns 2, retaliatory headbutt
a: no special abilities


You were on level 4 of the Dungeon.
You visited 1 branch of the dungeon, and saw 4 of its levels.

You collected 141 gold pieces.

Inventory:

Hand Weapons
 a - a +0 war axe
 p - the +5 mace "Dragonbane" (weapon) {flame, rPois Int+2}
   (You found it on level 2 of the Dungeon)

   Int:       It affects your intelligence (+2).
   rPois:     It protects you from poison.
Missiles
 g - a throwing net (quivered)
 l - 31 stones
Armour
 b - a +0 scale mail (worn)
 c - a +0 buckler (worn)
 n - a scarf of invisibility
 s - a +0 pair of gloves (worn)
 w - the +0 cloak "Vytt" (worn) {-Cast Harm Will+}
   (You found it on level 3 of the Dungeon)

   -Cast:     It prevents spellcasting.
   Harm:      It increases damage dealt and taken.
   Will:      It increases your willpower.
Jewellery
 e - a ring of protection from fire (left hand)
 k - a ring of resist corrosion (right hand)
 x - a ring of positive energy
Wands
 o - a wand of digging (6)
 r - a wand of iceblast (3)
Scrolls
 f - 2 scrolls of teleportation
 j - a scroll of identify
Potions
 d - a potion of might
 h - a potion of haste {unknown}
 i - a potion of ambrosia {unknown}
 m - a potion of mutation {unknown}
 t - 3 potions of heal wounds {unknown}
 u - 2 potions of invisibility


   Skills:
 - Level 3.6 Fighting
 - Level 4.7(6.8) Axes
 + Level 7.7(8.3) Maces & Flails
 - Level 3.6 Armour
 - Level 2.2 Dodging
 - Level 1.1 Stealth
 - Level 3.6 Shields
 - Level 0.4 Evocations


You had 6 spell levels left.
You didn't know any spells.
Your spell library contained the following spells:

 Spells                   Type           Power      Damage    Failure   Level
 Sandblast                Erth           0%         2d4       80%         1
 Passwall                 Tmut/Erth      0%         N/A       91%         2
 Stone Arrow              Conj/Erth      0%         3d7       99%         3


Dungeon Overview and Level Annotations

Branches:
Dungeon (4/15)
 Temple: D:4-7

Altars:
Vehumet

Shops:
D:4 (

Annotations:
D:2 Sigmund
D:4 Duvessa


Innate Abilities, Weirdness & Mutations

You have a pair of horns on your head.
You reflexively headbutt those who attack you in melee.


Message History

l - 31 stones (gained 4);
j - a scroll of identify
Items here: ))) [ †††.
You start resting.
HP restored.
You start waiting.
Done waiting.
Items here: ))) [[ ††.
There is an entrance to Odwi's Antique Weapon Shoppe here.
Setting a skill training target for Maces & Flails at 14.0.
Dowan, Brother of Duvessa comes into view.
He is wielding a +0 dagger.
Dowan shouts!
Dowan says, "My weaknesses are her strengths!"
Dowan closely misses you.
You hit Dowan. You burn Dowan.
Dowan is moderately wounded.
Dowan points at you and mumbles some strange words.
You resist with almost no effort.
You sock Dowan! You burn Dowan.
You kill Dowan!
You hear a distant scream of rage.
m - a sapphire potion
Things that are here:
a +0 dagger; a +0 robe
Found a stone staircase leading up.
There is an open door here.
t - 3 sedimented white potions (gained 1) Duvessa, Sister of Dowan comes into view.
She is wielding a +0 rapier and wearing a +2 leather armour of fire resistance.
Duvessa shouts!
Duvessa goes berserk!
There is an open door here.
Duvessa closely misses you. Duvessa hits you but does no damage.
You hit Duvessa but do no damage. Duvessa hits you with a +0 rapier!
You hit Duvessa but do no damage. Duvessa closely misses you.
Duvessa hits you with a +0 rapier!
You closely miss Duvessa. Duvessa barely misses you.
As you read the scroll of teleportation, it crumbles to dust.
You feel strangely unstable. Duvessa hits you with a +0 rapier!
* * * LOW HITPOINT WARNING * * *
Duvessa hits you with a +0 rapier!
You die...

#........###.###
#.......###
.'..............#
#.....))##.
###.........#...##
#######)##.
#.........#...#
#÷##.
#.........#...#
###..'.
#.........#...#
#....'.
.........'...#
#....#.
##########e..#
#....#. #@..#
#....#. #...#
####### #...# #.#
#...# #)# #...#
#######.. #####
#.......#
#.####..# #....# #
#.##..


You could see Duvessa (berserk).

Vanquished Creatures
  An ogre (D:4)
  A black bear (D:4)
  A scorpion (D:4)
  Dowan (D:4)
  A gnoll bouda (D:4)
  An orc priest (D:4)
  Ijyb (D:3)
  Terence (D:2)
  4 orc wizards (D:4)
  7 adders
  3 gnolls (D:4)
  An ufetubus (D:4)
  A worm (D:4)
  3 dart slugs
  6 orcs
  7 bats
  3 endoplasms
  A giant cockroach (D:4)
  3 goblins
  6 hobgoblins
  3 jackals (D:1)
  8 kobolds
  2 quokkas
  4 ball pythons
  A frilled lizard (D:3)
  7 rats
78 creatures vanquished.

Vanquished Creatures (others)
  A plant (D:3)
1 creature vanquished.

Grand Total: 79 creatures vanquished

Notes
Turn   | Place    | Note
-------+----------+-------------------------------------------
     0 | D:1      | bibi the Minotaur Fighter began the quest for the Orb.
     0 | D:1      | Reached XP level 1. HP: 19/19 MP: 0/0
   372 | D:1      | Reached XP level 2. HP: 21/26 MP: 1/1
   879 | D:2      | Reached XP level 3. HP: 31/31 MP: 2/2
  1756 | D:2      | Noticed Terence
  1767 | D:2      | Killed Terence
  1768 | D:2      | Reached skill level 1 in Dodging
  1890 | D:2      | Identified the +5 mace "Dragonbane" {flame, rPois Int+2}
  1911 | D:2      | Reached XP level 4. HP: 39/39 MP: 3/3
  1965 | D:2      | Reached skill level 1 in Stealth
  1973 | D:2      | Noticed Sigmund
  2178 | D:3      | Noticed Ijyb
  2199 | D:3      | Killed Ijyb
  2200 | D:3      | Reached skill level 1 in Maces & Flails
  2663 | D:3      | Found a radiant altar of Vehumet.
  2670 | D:3      | Identified the +0 cloak "Vytt" {-Cast Harm Will+}
  2753 | D:3      | Found a faded altar of an unknown god.
  2804 | D:4      | Noticed an ogre
  2810 | D:4      | Killed an ogre
  2811 | D:4      | Reached skill level 3 in Maces & Flails
  2811 | D:4      | Reached XP level 5. HP: 35/44 MP: 4/4
  2868 | D:4      | Reached skill level 4 in Maces & Flails
  3060 | D:4      | Reached XP level 6. HP: 45/51 MP: 5/5
  3176 | D:4      | Reached skill level 5 in Maces & Flails
  3202 | D:4      | Found Odwi's Antique Weapon Shoppe.
  3220 | D:4      | Reached skill level 6 in Maces & Flails
  3596 | D:4      | Reached XP level 7. HP: 44/57 MP: 6/6
  3610 | D:4      | Reached skill level 7 in Maces & Flails
  3779 | D:4      | Noticed Dowan
  3792 | D:4      | Killed Dowan
  3825 | D:4      | Noticed Duvessa
  3835 | D:4      | Slain by Duvessa

Illustrated notes

Levels and vault maps discovered:
D:1:      dpeg_chamrin_arrival_tetris, layout_basic
D:2:      layout_basic, solitary_fountain, item_on_display_a, uniq_sigmund,
          uniq_terence
D:3:      layout_basic, lemuel_coloured_pillars_altar,
          shapermc_ecumenical_altar_flowoftime, serial_glass, glass_columns_a,
          glass_columns_a, uniq_ijyb
D:4:      layout_basic, serial_shops, nicolae_shop_stone, portal_sewer_entry_e,
          kennysheep_generic_room_4, uniq_duvessa

Skill      XL: |  1  2  3  4  5  6  7 |
---------------+----------------------+-----
Axes           | 3 4 |  4.7
Dodging        | 1 2 |  2.2
Stealth        | 1 |  1.1
Maces & Flails | 3 4 6 7 |  7.7
Fighting       | |  3.6
Armour         | |  3.6
Shields        | |  3.6
Evocations     | |  0.4

Action                     |  1- 3 |  4- 6 |  7- 9 || total
---------------------------+-------+-------+-------++-------
  Melee: War axe           |    30 |       |       ||    30
         Headbutt          |     3 |    11 |     3 ||    17
         Mace              |       |    82 |    11 ||    93
Ability: Evoke Invisibilit |       |     1 |       ||     1
  Evoke: Wand              |       |     1 |     1 ||     2
    Use: Scroll            |       |     8 |     1 ||     9
         Potion            |       |     1 |       ||     1
 Armour: Scale mail        |    32 |    43 |     5 ||    80
         Skin              |       |     1 |       ||     1
  Dodge: Dodged            |    41 |    60 |     5 ||   106
  Block: Buckler           |    16 |    20 |       ||    36

Table legend: (Time is in decaauts)
 A = Elapsed time spent in this place.
 B = Non-inter-level travel time spent in this place.
 C = Inter-level travel time spent in this place.
 D = Time resting spent in this place.
 E = Time spent auto-exploring this place.
 F = Levels seen in this place.
 G = Mean time per level.
                   A        B        C        D        E       F      G
               +--------+--------+--------+--------+--------+-----+--------+
         Total |   3871 |   3871 |      0 |   1509 |    942 |   4 |  967.8 |
       Dungeon |   3871 |   3871 |      0 |   1509 |    942 |   4 |  967.8 |
               +--------+--------+--------+--------+--------+-----+--------+

Top non-repeatable levels by time:
     D:2: 1288 daAuts
     D:4: 1038 daAuts
     D:1: 890 daAuts
     D:3: 653 daAuts
